 Dungeon Crawl Stone Soup version 0.23-a0-189-gc87c613 (webtiles) character file.

213 somewhere the Chopper (level 5, -2/38 HPs)
             Began as a Demonspawn Gladiator on Sept 23, 2018.
             Was a Follower of Nemelex Xobeh.
             Slain by a gnoll
             ... wielding a +0 spear
              (4 damage)
             ... on level 3 of the Dungeon.
             The game lasted 00:02:13 (2482 turns).

somewhere the Chopper (Demonspawn Gladiator)        Turns: 2482, Time: 00:02:14

Health: -2/38      AC:  5    Str: 15    XL:     5   Next: 59%
Magic:  6/6        EV: 12    Int:  9    God:    Nemelex Xobeh [*.....]
Gold:   135        SH:  4    Dex: 15    Spells: 4/4 levels left

rFire    . . .     SeeInvis .   a - +0 war axe
rCold    . . .     Gourm    .   q - +0 buckler
rNeg     + . .     Faith    .   b - +0 leather armour
rPois    +         Spirit   .   c - +0 helmet
rElec    .         Reflect  .   (no cloak)
rCorr    .         Harm     .   u - +0 pair of gloves
MR       .....                  (no boots)
Stlth    +.........             (no amulet)
HPRegen  0.12/turn              o - ring of poison resistance
MPRegen  0.10/turn              n - ring of positive energy

@: no status effects
A: talons 1, foul stench 1, rot immunity
a: Renounce Religion


You were on level 3 of the Dungeon.
You worshipped Nemelex Xobeh.
Nemelex Xobeh was aware of your devotion.
You were not hungry.

You visited 1 branch of the dungeon, and saw 3 of its levels.

You collected 135 gold pieces.

Inventory:

Hand Weapons
 a - a +0 war axe (weapon)
Missiles
 d - 3 throwing nets (quivered)
Armour
 b - a +0 leather armour (worn)
 c - a +0 helmet (worn)
 q - a +0 buckler (worn)
 u - a +0 pair of gloves (worn)
Jewellery
 n - a ring of positive energy (right hand)
 o - a ring of poison resistance (left hand)
Scrolls
 g - a scroll of amnesia {unknown}
 i - 4 scrolls of identify {unknown}
 r - a scroll of teleportation {unknown}
 s - a scroll of random uselessness {unknown}
Potions
 e - a potion of resistance {unknown}
 h - a potion of haste {unknown}
 j - 3 potions of curing {unknown}
 k - a potion of heal wounds {unknown}
 l - a potion of lignification {unknown}
 m - a potion of degeneration {unknown}
 t - a potion of mutation {unknown}
 z - a potion of ambrosia {unknown}
 A - a potion of flight {unknown}
Miscellaneous
 p - a plain deck of escape
 w - a legendary deck of destruction {drawn: 1}
Comestibles
 f - 7 rations
 v - 9 chunks of flesh


   Skills:
 - Level 2.0 Fighting
 + Level 5.3 Axes
 - Level 1.7 Throwing
 - Level 2.6 Dodging
 * Level 1.1 Shields
 * Level 2.1 Invocations


You had 4 spell levels left.
You didn't know any spells.
Your spell library was empty.

Dungeon Overview and Level Annotations

Branches:
Dungeon (3/15)

Altars:
Cheibriados
Nemelex Xobeh
Qazlal


Innate Abilities, Weirdness & Mutations

You have sharp toenails.
You may emit foul miasma when damaged in melee.
You are immune to rotting.


Message History

You are too injured to fight recklessly!
You are too injured to fight recklessly!
You are too injured to fight recklessly!
You are too injured to fight recklessly!
You are too injured to fight recklessly!
You are too injured to fight recklessly!
You are too injured to fight recklessly!
You are too injured to fight recklessly!
Unknown command.
The gnoll closely misses you. The gnoll hits you but does no damage.
You completely miss the gnoll. You closely miss the gnoll.
The gnoll barely misses you. x2
Unknown command.
You hit the gnoll.
The gnoll is moderately wounded.
You hit the gnoll. The gnoll hits you with a halberd!
* * * LOW HITPOINT WARNING * * *
The gnoll hits you with a spear.
You die...
Your body disappears without a glow.

#########.## #..# #.#
#.........# ##.# #.#
##.###.....# #.# #.#
.>.........# #.# .#
##.#.#.....####.##
#.#.#........#..# ####
##.#.##.......##.# ....#
..<#..........##)#.....#
##.#####......##@g.....#
.#............###g.....#
.#######......# ......#
.# #......# #.....# .#
#......# ...... .#
#......# .....# .#
#......# #+#### .#
######## .#


You could see 2 gnolls.

Vanquished Creatures
  A centaur zombie (D:3)
  Robin (D:3)
  3 gnolls (D:3)
  2 adders (D:2)
  An ooze (D:2)
  4 worms
  A dart slug (D:2)
  2 leopard geckos
  An orc (D:3)
  5 bats
  3 giant cockroaches
  19 goblins
  14 hobgoblins
  A quokka (D:3)
  3 ball pythons
  3 frilled lizards
  4 kobolds
  8 rats
76 creatures vanquished.

Vanquished Creatures (others)
  2 gnolls (D:3)
  A ball lightning (D:3)
  A hobgoblin (D:3)
4 creatures vanquished.

Grand Total: 80 creatures vanquished

Notes
Turn   | Place    | Note
-------+----------+-------------------------------------------
     0 | D:1      | somewhere the Demonspawn Gladiator began the quest for the
                  | Orb.
     0 | D:1      | Reached XP level 1. HP: 16/16 MP: 1/1
    70 | D:1      | Reached skill level 3 in Axes
   473 | D:1      | Gained mutation: You are immune to rotting. [demonic
                  | ancestry]
   473 | D:1      | Reached XP level 2. HP: 20/22 MP: 2/2
   865 | D:1      | Reached XP level 3. HP: 27/27 MP: 3/3
  1124 | D:2      | Reached skill level 4 in Axes
  1131 | D:2      | Found a sparkling altar of Nemelex Xobeh.
  1202 | D:2      | Became a worshipper of Nemelex Xobeh the Trickster
  1470 | D:2      | Received a gift from Nemelex Xobeh
  1666 | D:2      | Reached skill level 1 in Invocations
  1666 | D:2      | Gained mutation: You have sharp toenails. [demonic
                  | ancestry]
  1666 | D:2      | Reached XP level 4. HP: 29/33 MP: 4/4
  1811 | D:2      | Found a stormy altar of Qazlal.
  1814 | D:2      | Reached * piety under Nemelex Xobeh
  1889 | D:2      | Received a gift from Nemelex Xobeh
  1948 | D:2      | Found a snail-covered altar of Cheibriados.
  2326 | D:3      | Noticed Robin
  2330 | D:3      | Gained mutation: You may emit foul miasma when damaged in
                  | melee. [demonic ancestry]
  2330 | D:3      | Reached XP level 5. HP: 30/38 MP: 6/6
  2339 | D:3      | Reached skill level 5 in Axes
  2343 | D:3      | Reached skill level 1 in Shields
  2348 | D:3      | Killed Robin
  2482 | D:3      | Slain by a gnoll

Vault maps used:
D:1:      lemuel_arrival_hallway
D:2:      old_standard_altar, kennysheep_slug_shrine, grunt_qazlal_sundering,
          kennysheep_generic_room_10
D:3:      marbit_many_paths, minmay_misc_feat_more_columns, uniq_robin,
          uniq_natasha

Skill      XL: |  1  2  3  4  5 |
---------------+----------------+-----
Axes           | 3 4 5 |  5.3
Invocations    | 1 2 |  2.1
Shields        | 1 |  1.1
Fighting       | |  2.0
Throwing       | |  1.7
Dodging        | |  2.6

Action                   |  1- 3 |  4- 6 || total
-------------------------+-------+-------++-------
Melee: War axe           |   124 |    64 ||   188
       Kick              |       |    21 ||    21
Evoke: Deck              |       |     1 ||     1
  Use: Scroll            |       |     1 ||     1
 Stab: Sleeping          |     2 |     1 ||     3
  Eat: Chunk             |     2 |     3 ||     5
Armor: Leather armour    |    33 |    15 ||    48
Dodge: Dodged            |    80 |    55 ||   135
Block: Buckler           |     6 |    17 ||    23

Table legend:
 A = Non-vault XP
 B = Vault XP
 C = Vault XP percentage of total XP
 D = Non-vault monster count
 E = Vault monster count
 F = Vault count percentage of total count
                 A         B        C        D         E       F
            +---------+---------+-------+---------+---------+-------
      Total |     260 |      45 |  14.8 |      64 |      15 |  19.0
            +---------+---------+-------+---------+---------+-------
        D:1 |      48 |       0 |   0.0 |      29 |       0 |   0.0
        D:2 |      68 |       6 |   8.1 |      20 |       2 |   9.1
        D:3 |     144 |      39 |  21.3 |      15 |      13 |  46.4
            +---------+---------+-------+---------+---------+-------
